Map: Sequencer LE

Players

Lillekanin

  • Race: Terran Terran
  • Spawn Location: 7:00

Cham - Winner!

  • Race: Zerg Zerg
  • Spawn Location: 1:00

Event: WCS Jonkoping 2017

VOD

Have the link to the VOD?

Description

Time

  • Played on: June 17, 2017, 7:15 a.m.
  • Length: 9:01

All games in this series

Show
View Real Time Build Order
Export as new Build Order

Lillekanin Terran 

Build Orders: Hellion Banshee 

Get SALT Encoding   

  12  0:01  SCV  
  13  0:13  SCV  
  14  0:17  Supply Depot  
  14  0:25  SCV  
  15  0:29  Refinery  
  15  0:39  SCV  
  16  0:50  Barracks  
  16  0:59  SCV  
  16  1:01  Barracks  
  17  1:11  SCV  
  18  1:23  SCV  
  19  1:35  SCV  
  20  1:48  Orbital Command, Reaper  
  21  2:03  Command Center  
  21  2:14  Factory  
  21  2:17  SCV  
  21  2:21  Barracks Reactor  
  22  2:27  Supply Depot  
  22  2:30  SCV  
  22  2:35  Refinery  
  23  2:48  SCV  
  24  3:00  SCV  
  24  3:02  Starport  
  24  3:05  Hellion x2  
  29  3:09  Supply Depot  
  29  3:12  SCV  
  30  3:18  Barracks Tech Lab  
  30  3:24  SCV  
  30  3:31  Hellion  
  32  3:37  SCV  
  32  3:38  Hellion  
  35  3:47  Orbital Command  
  35  3:49  SCV, Medivac  
  38  3:59  Cloaking Field  
  38  4:00  Supply Depot  
  38  4:01  SCV  
  39  4:03  Marine  
  40  4:13  SCV x2  
  42  4:19  Banshee  
  45  4:25  SCV, Supply Depot  
  45  4:28  SCV  
  49  4:37  SCV  
  52  4:44  Hellion, Command Center  
  50  4:49  Hellion  
  52  4:53  SCV  
  52  4:54  Armory  
  52  4:57  SCV  
  54  5:05  SCV  
  55  5:10  SCV  
  56  5:14  Barracks Tech Lab  
  56  5:16  Factory  
  56  5:17  Factory, SCV, Banshee  
  60  5:22  SCV  
  51  5:30  SCV, Refinery x2  
  51  5:34  SCV  
  53  5:42  SCV  
  54  5:45  Terran Vehicle Weapons Level 1  
  54  5:46  SCV  
  54  5:48  Hellion x2  
  54  5:49  Supply Depot  
  59  5:54  SCV  
  59  5:55  Orbital Command  
  60  5:58  SCV  
  61  6:06  SCV  
  61  6:08  Starport Reactor  
  61  6:10  SCV  
  61  6:11  Thor  
  69  6:18  SCV  
  70  6:20  Supply Depot  
  70  6:22  SCV  
  70  6:23  Thor, Orbital Command  
  77  6:30  SCV, Supply Depot x2  
  78  6:34  SCV  
  79  6:49  Medivac x2  
  79  6:50  Hellion x2  
  79  6:51  SCV x2  
  89  6:56  SCV  
  90  7:02  Hellion  
  90  7:03  SCV  
  90  7:07  Hellion, Supply Depot  
  91  7:08  Supply Depot  
  91  7:09  SCV, Supply Depot  
  91  7:14  SCV  
  91  7:15  SCV  
  90  7:16  Hellion  
  90  7:21  SCV  
  93  7:26  SCV  
  93  7:28  Command Center  
  94  7:32  Hellion x2  
  94  7:34  SCV  
  94  7:35  Factory  
  94  7:36  Refinery  
  99  7:37  SCV, Factory  
  100  7:44  Viking x2  
  104  7:51  SCV  
  104  7:53  Armory  
  104  7:57  Cyclone  
  108  8:03  Hellion  
  108  8:04  Hellion  
  103  8:11  Hellion  
  99  8:14  Viking  
  99  8:17  Refinery  
  98  8:20  Cyclone  
  98  8:25  Cyclone  
  104  8:34  SCV  
  104  8:37  SCV  
  109  8:54  Supply Depot  
  109  8:55  Supply Depot  
  107  8:57  Supply Depot  
Show
View Real Time Build Order
Export as new Build Order

Cham Zerg - Winner!

Build Orders: Hatch First, Swarm Host 

Get SALT Encoding   

  12  0:01  Drone  
  13  0:09  Drone  
  14  0:16  Overlord  
  14  0:34  Drone  
  14  0:35  Drone x2  
  17  0:57  Hatchery  
  16  0:58  Drone  
  18  1:04  Drone  
  18  1:07  Drone  
  18  1:11  Extractor  
  18  1:20  Spawning Pool  
  18  1:23  Drone  
  18  1:29  Drone  
  19  1:39  Drone  
  20  1:55  Hatchery  
  19  2:07  Zergling x4  
  21  2:09  Queen  
  23  2:18  Queen  
  23  2:21  Drone  
  26  2:26  Overlord  
  26  2:31  Drone  
  26  2:34  Drone  
  28  2:43  Overlord  
  28  2:49  Queen  
  30  2:56  Extractor  
  29  3:01  Overlord  
  30  3:06  Drone x2  
  30  3:07  Drone  
  30  3:12  Overlord  
  33  3:16  Drone  
  33  3:18  Drone  
  35  3:23  Drone x2  
  37  3:27  Drone  
  37  3:32  Metabolic Boost  
  37  3:39  Drone x2  
  37  3:40  Drone x3  
  42  3:44  Queen  
  42  3:47  Drone  
  45  3:49  Drone  
  45  3:51  Drone  
  47  3:55  Queen  
  47  4:02  Overlord  
  49  4:04  Drone x3  
  49  4:09  Overlord  
  52  4:10  Evolution Chamber  
  52  4:13  Overlord  
  52  4:16  Zergling x4  
  53  4:17  Zergling x2  
  53  4:19  Zergling x2  
  53  4:22  Zergling x2  
  56  4:24  Drone x2  
  56  4:30  Drone  
  59  4:31  Queen  
  59  4:37  Zergling x4  
  59  4:38  Zergling x2  
  64  4:43  Zerg Ground Armor Level 1  
  65  4:45  Zergling x2  
  65  4:46  Drone  
  65  4:47  Spore Crawler  
  65  4:49  Spore Crawler  
  65  4:50  Spore Crawler  
  65  4:51  Drone  
  64  4:57  Spore Crawler  
  64  4:58  Queen  
  65  5:00  Drone x2  
  65  5:02  Drone x2  
  67  5:14  Drone  
  67  5:20  Drone x2, Overlord  
  70  5:21  Drone  
  70  5:22  Drone  
  70  5:24  Drone  
  73  5:29  Extractor  
  73  5:30  Extractor, Lair  
  73  5:32  Drone x2  
  73  5:33  Roach Warren, Drone  
  73  5:34  Extractor, Drone  
  73  5:37  Drone  
  74  5:43  Drone x3  
  74  5:44  Overlord  
  74  5:45  Drone  
  74  5:46  Extractor  
  74  5:47  Extractor  
  76  5:53  Drone  
  76  5:54  Drone x2  
  79  5:59  Drone  
  79  6:01  Drone x2  
  79  6:02  Hatchery  
  81  6:04  Overlord  
  81  6:06  Drone  
  81  6:08  Drone  
  81  6:10  Drone x3  
  86  6:17  Drone x2  
  86  6:18  Drone x3  
  91  6:21  Drone  
  91  6:23  Overlord  
  92  6:28  Roach  
  92  6:30  Overseer, Glial Reconstitution  
  92  6:32  Roach  
  96  6:33  Infestation Pit  
  96  6:34  Overlord  
  96  6:39  Roach x3  
  101  6:43  Overseer  
  101  6:44  Roach  
  101  6:45  Roach  
  105  6:48  Roach x2  
  105  6:50  Roach x2  
  113  6:58  Drone x2  
  114  7:01  Drone  
  114  7:03  Drone  
  114  7:07  Drone x4  
  120  7:11  Overlord  
  120  7:13  Overlord  
  120  7:19  Overlord  
  120  7:20  Hive  
  120  7:21  Swarm Host  
  123  7:22  Spire  
  123  7:25  Swarm Host x2  
  123  7:28  Swarm Host  
  131  7:32  Swarm Host  
  131  7:33  Swarm Host  
  131  7:36  Drone x2  
  139  7:39  Spore Crawler  
  139  7:40  Extractor  
  139  7:41  Drone x2  
  139  7:42  Extractor, Spore Crawler  
  137  7:44  Swarm Host  
  137  7:47  Swarm Host x2  
  146  7:53  Drone x4  
  146  7:57  Overlord  
  150  8:04  Swarm Host x2  
  154  8:07  Zergling x4  
  154  8:08  Zergling x8  
  154  8:11  Zergling x8  
  157  8:13  Zergling x2  
  157  8:17  Zergling x6  
  157  8:19  Zergling x2  
  160  8:24  Zergling x4  
  160  8:25  Zergling x4  
  160  8:32  Overlord x4  
  158  8:38  Overlord  
  158  8:47  Evolution Chamber  
Tags
 
Add a new tag
Caveats
  • Supply blocks, unpowered buildings, or Contaminate may cause inaccurate times.
  • Supply counts are checked every 10 seconds.